AoeStats
← TM Caesar

Arena

508750250Analyzed
4v4 RM · 9d ago on Sep 23, 2026· 40m 5s· 8 players
Game mode
Random Map
Map size
Large (8 player)
Population
200
Speed
Normal
Resources
Standard
Victory
Conquest
Starting age
Dark Age
Ending age
Imperial Age
RankedLock teamsTeams togetherTeam positionsShared explorationLock speedFull tech treeHidden civsTurbo modeCheats
Victory
Defeat
🇲🇽 Varangians · Mexico
1822
+6
🇲🇽 Byzantines · Mexico
1721
+9
🇲🇽 Persians · Mexico
1705
+10
🇨🇴 Danes · Colombia
1440
+20
🇩🇪 Bulgarians · Germany
1630
-14
🇨🇳 Magyars · China
1586
-12
🇺🇸 Malay · United States
1529
-10
🇦🇷 Saxons · Argentina
1516
-9
eL|Hooligan
10:45 Feudal Age
11:25 Double-Bit Axe
14:17 Castle Age
12:03 Horse Collar
13:31 Wheelbarrow
15:21 Bow Saw
15:16 Heavy Plow
21:11 Gold Mining
22:43 Hand Cart
24:04 Loom
27:03 Imperial Age
25:20 Scale Barding Armor
24:38 Pikeman
25:32 Forging
26:00 Gold Shaft Mining
25:15 Stone Mining
26:47 Chain Barding Armor
26:31 Scale Mail Armor
26:32 Squires
26:18 Gambesons
27:28 Iron Casting
28:23 Chemistry
26:52 Capped Ram
26:56 Halberdier
27:45 Siege Ram
28:43 Chain Mail Armor
29:59 Blast Furnace
30:33 Plate Mail Armor
31:46 Two-Man Saw
31:23 Crop Rotation
32:27 Chain Barding Armor
34:16 Thumb Ring
37:06 Husbandry
37:17 Bloodlines
36:28 Light Cavalry
38:32 Plate Barding Armor
37:58 Padded Archer Armor
38:57 Ballistics
38:33 Murder Holes
38:48 Masonry
Ux'LobodeLaNieve
12:26 Feudal Age
16:34 Castle Age
14:58 Double-Bit Axe
14:54 Horse Collar
17:49 Bow Saw
24:48 Husbandry
25:46 Forging
26:05 Scale Barding Armor
26:20 Bloodlines
28:38 Iron Casting
29:03 Chain Barding Armor
30:55 Wheelbarrow
32:04 Hand Cart
31:34 Loom
31:35 Town Watch
36:00 Imperial Age
33:50 Gold Mining
33:56 Stone Mining
34:07 Heavy Plow
35:02 Fletching
35:47 Stone Shaft Mining
35:36 Vendel Legacy
37:46 Conscription
38:08 Plate Barding Armor
39:11 Blast Furnace
39:11 Bodkin Arrow
MZTK | KaLiuM
8:01 Loom
10:01 Feudal Age
12:31 Double-Bit Axe
12:43 Fletching
22:25 Castle Age
24:23 Horse Collar
26:36 Wheelbarrow
25:53 Town Watch
28:55 Bow Saw
31:14 Heavy Plow
32:11 Gold Mining
35:11 Hand Cart
36:44 Scale Mail Armor
37:07 Forging
38:05 Chain Mail Armor
37:46 Bodkin Arrow
38:33 Arson
38:49 Squires
38:34 Gambesons
39:38 Gold Shaft Mining
38:56 Stone Mining
42:41 Imperial Age
40:01 Hamask
Ux'Double D
10:53 Feudal Age
9:11 Loom
11:41 Loom
15:24 Castle Age
13:59 Double-Bit Axe
18:58 Horse Collar
19:35 Bow Saw
26:09 Imperial Age
25:58 Gold Mining
25:59 Stone Mining
26:48 Wheelbarrow
27:26 Fletching
28:45 Scale Mail Armor
32:19 Arson
34:10 Forging
36:55 Conscription
37:11 Man-at-Arms
38:09 Chain Mail Armor
38:31 Iron Casting
38:04 Long Swordsman
38:47 Gambesons
39:07 Squires
39:40 Plate Mail Armor
Mis
8:05 Feudal Age
6:25 Loom
8:24 Double-Bit Axe
11:28 Fletching
21:11 Castle Age
21:08 Bow Saw
21:59 Wheelbarrow
21:31 Horse Collar
30:13 Imperial Age
28:32 Squires
28:15 Pikeman
29:20 Halberdier
TM Caesar
10:15 Feudal Age
11:47 Double-Bit Axe
12:03 Horse Collar
14:33 Castle Age
15:59 Bow Saw
22:24 Loom
23:22 Wheelbarrow
23:06 Scale Mail Armor
23:00 Fletching
23:49 Bodkin Arrow
23:53 Gold Mining
24:29 Fortified Wall
25:28 Chain Mail Armor
25:43 Heavy Plow
26:54 Hand Cart
30:02 Imperial Age
27:32 Stone Mining
27:54 Squires
27:41 Town Watch
28:30 Forging
28:18 Treadmill Crane
29:42 Iron Casting
30:21 Siphons
30:02 Shield Wall
31:15 Plate Mail Armor
31:06 Conscription
31:29 Siege Engineers
31:52 Elite Hearth Troop
32:59 Pikeman
34:16 Bracer
35:18 Chemistry
35:53 Masonry
36:15 Arson
36:30 Murder Holes
37:38 Architecture
40:10 Hoardings
40:24 Scale Barding Armor
Wrotmneschpagu
10:25 Feudal Age
11:46 Double-Bit Axe
14:34 Castle Age
17:06 Murder Holes
17:26 Masonry
18:38 Loom
19:36 Fletching
21:48 Bow Saw
23:41 Horse Collar
26:45 Wheelbarrow
26:28 Bodkin Arrow
28:07 Scale Barding Armor
29:34 Chain Barding Armor
tim.13
10:35 Feudal Age
14:25 Castle Age
12:26 Double-Bit Axe
12:39 Horse Collar
16:56 Stone Mining
21:24 Wheelbarrow
21:01 Gold Mining
22:19 Gold Shaft Mining
22:14 Corvinian Army
24:00 Scale Barding Armor
24:44 Chain Barding Armor
24:36 Loom
25:10 Bloodlines
25:14 Husbandry
27:33 Fletching
30:45 Imperial Age
29:42 Ballistics
30:20 Bodkin Arrow
30:26 Padded Archer Armor
31:56 Bracer
33:01 Chemistry
Connection lost

Rejoining the realm…

Still unreachable

The connection could not be restored.

Session expired

The server has moved on; the page needs a fresh start.